AoeStats
← primo78n

Arena

505361282Analyzed
2v2 RM · 24d ago on Sep 9, 2026· 42m 9s· 4 players
Game mode
Random Map
Map size
Medium (4 player)
Population
200
Speed
Normal
Resources
Standard
Victory
Conquest
Starting age
Dark Age
Ending age
Imperial Age
RankedLock teamsTeams togetherTeam positionsShared explorationLock speedFull tech treeHidden civsTurbo modeCheats
Victory
Defeat
🇦🇷 Chinese · Argentina
1021
+14
🇦🇷 Hindustanis · Argentina
1017
+14
🇺🇸 Mongols · United States
981
-15
🇺🇸 Aztecs · United States
963
-13
primo78n
4:49 Loom
10:09 Feudal Age
12:25 Horse Collar
12:33 Double-Bit Axe
17:02 Castle Age
15:46 Stone Mining
16:17 Forging
16:07 Scale Mail Armor
18:47 Heavy Plow
19:00 Bow Saw
20:59 Gold Mining
22:19 Wheelbarrow
23:52 Hand Cart
23:23 Town Watch
25:51 Chain Mail Armor
25:40 Squires
28:26 Grand Trunk Road
29:44 Town Patrol
30:27 Iron Casting
36:38 Imperial Age
36:56 Elite Ghulam
38:41 Blast Furnace
37:28 Arson
39:44 Gold Shaft Mining
39:45 Stone Shaft Mining
TIYA
0:42 Loom
9:59 Feudal Age
10:35 Double-Bit Axe
10:32 Horse Collar
17:25 Castle Age
16:13 Stone Mining
16:16 Gold Mining
17:22 Fletching
19:45 Bow Saw
31:48 Imperial Age
31:02 Gold Shaft Mining
30:58 Padded Archer Armor
31:30 Ballistics
33:59 Bodkin Arrow
40:05 Light Cavalry
40:40 Elite Chu Ko Nu
kuskonmaz
10:55 Feudal Age
11:37 Loom
14:07 Double-Bit Axe
16:35 Castle Age
15:27 Stone Mining
19:18 Fervor
19:55 Scale Mail Armor
20:04 Gold Mining
21:39 Town Watch
25:52 Fortified Wall
26:11 Bow Saw
25:45 Horse Collar
28:35 Wheelbarrow
28:28 Crossbowman
28:31 Elite Skirmisher
30:13 Heavy Plow
30:35 Padded Archer Armor
35:24 Imperial Age
33:27 Leather Archer Armor
33:03 Fletching
33:40 Ballistics
35:05 Bodkin Arrow
35:14 Eagle Warrior
36:30 Conscription
36:15 Atlatl
37:47 Chemistry
37:06 Bracer
38:09 Chain Mail Armor
37:20 Elite Eagle Warrior
40:06 Plate Mail Armor
40:36 Siege Engineers
Nazmonator
11:57 Feudal Age
12:39 Feudal Age
14:35 Stone Mining
17:02 Castle Age
15:18 Double-Bit Axe
15:26 Horse Collar
20:20 Wheelbarrow
20:16 Loom
25:41 Bow Saw
26:15 Elite Skirmisher
27:25 Hand Cart
29:21 Gold Mining
29:29 Pikeman
30:25 Fletching
32:18 Gold Shaft Mining
33:18 Thumb Ring
33:16 Padded Archer Armor
39:41 Imperial Age
39:30 Ballistics
40:08 Nomads
44:28 Imperial Age
Connection lost

Rejoining the realm…

Still unreachable

The connection could not be restored.

Session expired

The server has moved on; the page needs a fresh start.